 Dungeon Crawl Stone Soup version 0.22.1-1-ga44c0e5 (webtiles) character file.

1058 mh0rre the Chopper (level 7, -11/53 HPs)
             Began as a Demigod Skald on Oct 25, 2018.
             Mangled by an ogre
             ... wielding a +0 giant club
              (23 damage)
             ... on level 6 of the Dungeon.
             The game lasted 00:24:55 (7094 turns).

mh0rre the Chopper (Demigod Skald)                  Turns: 7094, Time: 00:24:56

Health: -11/53     AC: 11    Str: 20    XL:     7   Next: 77%
Magic:  21/21      EV:  6    Int: 21    God:
Gold:   243        SH: 10    Dex: 21    Spells: 1/9 levels left

rFire    . . .     SeeInvis .   a - +0 hand axe
rCold    . . .     Gourm    .   g - +0 shield
rNeg     . . .     Faith    .   w - +0 chain mail
rPois    .         Spirit   .   n - +1 helmet
rElec    .         Reflect  .   F - scarf {cloud immunity}
rCorr    .         Harm     .   (no gloves)
MR       .....                  D - +0 pair of boots of Sunlight {Str+4 Int+4} (curse)
Stlth    ..........             B - amulet of Sidiw {Regen+ MP+9 Str-2 Dex+6}
HPRegen  0.57/turn              h - ring of flight
MPRegen  0.17/turn              v - ring of stealth

@: no status effects
A: high mp 1
a: Evoke Flight


You were on level 6 of the Dungeon.
You were hungry.

You visited 2 branches of the dungeon, and saw 7 of its levels.

You collected 243 gold pieces.

Inventory:

Hand Weapons
 a - a +0 hand axe (weapon)
 t - a +0 blowgun
Missiles
 b - 124 stones (quivered)
 u - 42 poisoned needles
Armour
 f - a +0 ring mail
 g - a +0 shield (worn)
 n - a +1 helmet (worn)
 r - a +0 buckler
 w - a +0 chain mail (worn)
 x - a +0 plate armour
 D - the cursed +0 pair of boots of Sunlight (worn) {Str+4 Int+4}
   (You found it on level 5 of the Dungeon)

   It affects your strength (+4).
   It affects your intelligence (+4).
   It has a curse placed upon it.
 F - a scarf of cloud immunity (worn)
Jewellery
 h - a ring of flight (left hand)
 v - a ring of stealth (right hand)
 B - the amulet of Sidiw (around neck) {Regen+ MP+9 Str-2 Dex+6}
   (You found it on level 4 of the Dungeon)

   [amulet of regeneration]

   It affects your strength (-2).
   It affects your dexterity (+6).
   It affects your magic capacity (+9).
   It increases your rate of regeneration.
Scrolls
 k - a scroll of fear {unknown}
 o - a scroll of teleportation {unknown}
 y - a scroll of enchant armour {unknown}
 C - a scroll of immolation {unknown}
 G - a scroll of identify
Potions
 c - a potion of heal wounds {unknown}
 e - a potion of agility {unknown}
 i - 2 potions of lignification {unknown}
 j - a potion of might {unknown}
 l - 3 potions of brilliance {unknown}
 m - a potion of magic {unknown}
 q - 5 potions of degeneration {unknown}
 z - 2 potions of cancellation {unknown}
 A - 2 potions of invisibility {unknown}
 E - a potion of mutation {unknown}
Comestibles
 d - 13 rations
 p - 3 chunks of flesh


   Skills:
 - Level 1.7 Fighting
 * Level 5.7 Axes
 - Level 0.8 Armour
 - Level 1.7 Dodging
 * Level 4.5 Shields
 - Level 1.7 Spellcasting
 + Level 5.3 Charms


You had one spell level left.
You knew the following spells:

 Your Spells              Type           Power        Failure   Level  Hunger
a - Infusion              Chrm           ###.         61%         1    #......
b - Shroud of Golubria    Chrm/Tloc      ##........   98%         2    ###....
c - Song of Slaying       Chrm           ###.....     75%         2    ###....
d - Regeneration          Chrm/Necr      ##........   100%        3    ###....

Your spell library contained the following spells:

 Spells                   Type           Power        Failure   Level  Hunger
 Spectral Weapon          Hex/Chrm       ##......     100%        3    ###....


Dungeon Overview and Level Annotations

Branches:
Dungeon (6/15)             Temple (1/1) D:4

Shops:
D:6 *

Annotations:
D:5 Sigmund


Innate Abilities, Weirdness & Mutations

You have an increased reservoir of magic. (+10% MP)


Message History

a giant spiked club; an ogre corpse You butcher the ogre corpse.
p - 4 chunks of flesh
Things that are here:
a giant spiked club; an ogre skeleton You start resting.
A worker ant zombie comes into view.
You barely miss the worker ant zombie.
A centaur comes into view.
The worker ant zombie bites you but does no damage.
The centaur shouts!
You hit the worker ant zombie but do no damage.
You block the worker ant zombie's attack.
You hit the worker ant zombie.
The worker ant zombie is lightly damaged.
You block the worker ant zombie's attack.
You hit the worker ant zombie.
The worker ant zombie is lightly damaged.
The worker ant zombie bites you.
You hit the worker ant zombie.
The worker ant zombie is moderately damaged.
You closely miss the centaur.
The centaur hits you but does no damage.
The worker ant zombie bites you but does no damage.
The centaur barely misses you.
You block the worker ant zombie's attack.
You slash the worker ant zombie!
The worker ant zombie is almost destroyed.
You hit the centaur but do no damage.
The centaur hits you but does no damage.
The worker ant zombie closely misses you.
The centaur barely misses you.
You hit the worker ant zombie.
The worker ant zombie is almost destroyed.
You hit the centaur but do no damage. You block the centaur's attack.
You block the worker ant zombie's attack.
You slash the worker ant zombie!
You destroy the worker ant zombie!
You hit the centaur. You block the centaur's attack. The centaur hits you.
Your chain mail prevents you from hitting the centaur.
The centaur is lightly wounded.
The centaur hits you but does no damage. x2
You hit the centaur but do no damage.
The centaur is lightly wounded.
The centaur hits you.
You barely miss the centaur.
The centaur is lightly wounded.
The centaur hits you but does no damage.
The centaur hits you.
Your shield and chain mail prevent you from hitting the centaur.
The centaur is lightly wounded.
The centaur barely misses you. The centaur hits you.
You completely miss the centaur.
The centaur is lightly wounded.
You block the centaur's attack.
You hit the centaur.
The centaur is lightly wounded.
You block the centaur's attack. The centaur barely misses you.
You barely miss the centaur.
The centaur is lightly wounded.
The centaur barely misses you.
The centaur hits you but does no damage.
You closely miss the centaur.
The centaur is lightly wounded.
The centaur hits you but does no damage.
You hit the centaur but do no damage.
The centaur is lightly wounded.
The centaur hits you but does no damage.
The centaur hits you.
Your shield and chain mail prevent you from hitting the centaur.
You block the centaur's attack. x2
Your shield and chain mail prevent you from hitting the centaur.
You block the centaur's attack.
The centaur hits you but does no damage.
You completely miss the centaur. The centaur hits you.
You block the centaur's attack.
You hit the centaur.
The centaur is lightly wounded.
The centaur barely misses you.
Your chain mail prevents you from hitting the centaur.
The centaur is lightly wounded.
The centaur hits you. You block the centaur's attack.
You are too injured to fight recklessly!
You are too injured to fight recklessly!
Your shield and chain mail prevent you from hitting the centaur.
The centaur is lightly wounded.
The centaur hits you but does no damage. x2
You hit the centaur.
The centaur is moderately wounded.
The centaur hits you.
You hit the centaur.
The centaur is severely wounded.
You block the centaur's attack.
The centaur hits you but does no damage.
You hit the centaur.
The centaur is severely wounded.
The centaur hits you but does no damage.
The centaur barely misses you.
You hit the centaur.
The centaur is almost dead.
The centaur hits you but does no damage.
You hit the centaur but do no damage.
The centaur is almost dead.
The centaur barely misses you.
The centaur hits you but does no damage.
Your shield and chain mail prevent you from hitting the centaur.
The centaur is almost dead.
The centaur hits you.
The centaur hits you but does no damage.
You hit the centaur.
You kill the centaur!
Your Shields skill increases to level 4!
Things that are here:
a shortbow; 26 arrows You start resting.
HP restored.
b - 103 stones (gained 1)
b - 104 stones (gained 1)
b - 105 stones (gained 1)
d - 13 rations (gained 1)
You now have 226 gold pieces (gained 8).
Found a stone staircase leading up.
q - 5 emerald potions (gained 1)
There is an open door here.
Found a stone staircase leading down.
Dowan, Brother of Duvessa comes into view.
He is wielding a dagger.
You start waiting.
Dowan is too close now for your liking.
That item cannot be evoked!
Press: ? - help, v - describe, . - travel
Here: Dowan, wielding a dagger and wearing a robe The floor.
You slash Dowan!
Dowan is heavily wounded.
Dowan hits you but does no damage.
You hit Dowan.
Dowan is severely wounded.
Dowan gestures at you while chanting. The puff of frost hits you!
You closely miss Dowan.
Dowan is severely wounded.
You block Dowan's attack.
You closely miss Dowan.
Dowan is severely wounded.
Dowan hits you but does no damage.
You closely miss Dowan.
Dowan is severely wounded.
You block Dowan's attack.
You hit Dowan.
Dowan is severely wounded.
You block Dowan's attack.
You hit Dowan but do no damage.
Dowan is severely wounded.
Dowan hits you but does no damage. Dowan gestures at you while chanting.
You easily resist.
Your chain mail prevents you from hitting Dowan.
Dowan is severely wounded.
Dowan points at you and mumbles some strange words.
You are outlined in light.
You hit Dowan but do no damage.
Dowan is severely wounded.
Dowan drinks a potion.
Dowan is healed!
You hit Dowan.
Dowan is heavily wounded.
Dowan points at you and mumbles some strange words.
The puff of frost hits you!
You closely miss Dowan.
Dowan is heavily wounded.
You block Dowan's attack.
You barely miss Dowan.
Dowan is heavily wounded.
You block Dowan's attack.
Your shield prevents you from hitting Dowan.
Dowan is heavily wounded.
Dowan gestures wildly while chanting.
Dowan blinks!
Dowan hits you but does no damage.
You barely miss Dowan.
Dowan is heavily wounded.
You block Dowan's attack.
You closely miss Dowan.
Dowan is heavily wounded.
Dowan says, "Magic and the sword, together, will defeat you."
You block Dowan's attack.
You closely miss Dowan.
Dowan is heavily wounded.
You block Dowan's attack.
You hit Dowan.
Dowan is almost dead.
You block Dowan's attack. x2
You closely miss Dowan.
Dowan is almost dead.
Dowan hits you with a dagger.
Your shield and chain mail prevent you from hitting Dowan.
Dowan is almost dead.
Dowan hits you with a dagger.
You closely miss Dowan.
Dowan is severely wounded.
You block Dowan's attack.
You closely miss Dowan.
Dowan is severely wounded.
Dowan barely misses you.
Your chain mail prevents you from hitting Dowan.
Dowan is severely wounded.
Dowan hits you but does no damage.
You completely miss Dowan.
Dowan is severely wounded.
You block Dowan's attack.
You hit Dowan.
Dowan is almost dead.
Dowan casts a spell.
Dowan blinks!
Dowan gestures at you while chanting. You block the puff of flame.
You are no longer glowing.
Dowan whispers, "It won't be long now."
Dowan points at you and mumbles some strange words.
You block the puff of flame.
You barely miss Dowan.
Dowan is almost dead.
You block Dowan's attack.
You hit Dowan.
Dowan is almost dead.
Dowan mumbles some strange words.
Dowan blinks!
Throwing (i - inventory)
b - 105 stones (quivered)
Press: ? - help, Shift-Dir - straight line, f - Dowan
Aim: Dowan, wielding a dagger and wearing a robe (almost dead)
You throw a stone. The stone barely misses Dowan.
Throwing (i - inventory)
b - 104 stones (quivered)
Press: ? - help, Shift-Dir - straight line, f/p - Dowan
Aim: Dowan, wielding a dagger and wearing a robe (almost dead)
You throw a stone. The stone hits Dowan.
You kill Dowan!
You hear a distant scream of rage.
Throwing (i - inventory)
b - 103 stones (quivered)
Press: ? - help, Shift-Dir - straight line, f - you Really target yourself?
Okay, then.
Things that are here:
a dagger; a robe
There is a stone staircase leading up, spattered with blood here.
Found a glowing scarf.
Duvessa, Sister of Dowan comes into view.
She is wielding a vampiric short You see here a glowing scarf.
F - a glowing scarf Duvessa shouts!
Duvessa goes berserk!
Duvessa rages.
You block Duvessa's attack. You block Duvessa's attack.
Duvessa hits you but does no damage.
All of the chunks of flesh in your inventory have rotted away.
Duvessa hits you with a vampiric short sword.
Duvessa hits you with a vampiric short sword!
There is a stone staircase leading up, spattered with blood here.
You block Duvessa's attack. x2
You climb upwards.
There is a stone staircase leading down here.
Cast which spell? (? or * to list)
You begin infusing your attacks with magical energy.
You block Duvessa's attack.
You hit Duvessa.
Duvessa is lightly wounded.
Duvessa is no longer berserk.
You block Duvessa's attack.
Duvessa hits you with a vampiric short sword.
You hit Duvessa!
Duvessa is moderately wounded.
Duvessa hits you with a vampiric short sword.
Duvessa draws strength from your wounds!
You barely miss Duvessa.
Duvessa is lightly wounded.
You slash Duvessa!
Duvessa is moderately wounded.
You block Duvessa's attack.
You closely miss Duvessa.
Duvessa is moderately wounded.
Duvessa hits you with a vampiric short sword.
Duvessa draws strength from your wounds!
You hit Duvessa.
Duvessa is heavily wounded.
Duvessa hits you but does no damage.
You hit Duvessa but do no damage.
Duvessa is heavily wounded.
You block Duvessa's attack.
Your shield and chain mail prevent you from hitting Duvessa.
Duvessa is heavily wounded.
You barely miss Duvessa.
Duvessa is heavily wounded.
You block Duvessa's attack.
You barely miss Duvessa.
Duvessa is heavily wounded.
You block Duvessa's attack.
You slash Duvessa!
Duvessa is severely wounded.
You hit Duvessa but do no damage.
Duvessa is severely wounded.
Duvessa looks more energetic.
Duvessa hits you with a vampiric short sword.
You hit Duvessa.
Duvessa is almost dead.
Duvessa hits you but does no damage.
Your shield and chain mail prevent you from hitting Duvessa.
Duvessa is almost dead.
Duvessa hits you but does no damage.
You hit Duvessa.
You kill Duvessa!
b - 125 stones (gained 22)
Things that are here:
a vampiric short sword; a leather armour; the elf corpse of Duvessa You butcher the elf corpse of Duvessa.
p - 2 chunks of flesh
Things that are here:
a vampiric short sword; a leather armour
There is a stone staircase leading down here.
Wear which item? (? for menu, Esc to quit)
You start putting on your armour.
You continue putting on your glowing scarf. x4
You finish putting on your scarf of cloud immunity.
You feel immune to the effects of clouds.
You start resting.
Your magical infusion is running out.
You start resting.
You are no longer magically infusing your attacks.
You start resting.
HP restored.
You climb downwards.
There is a stone staircase leading up, spattered with blood here.
Magic restored.
You now have 243 gold pieces (gained 17).
You open the door.
There is an open door here.
Sigmund the Dreaded comes into view.
He is wielding a scythe of freezing.
Sigmund shouts!
Sigmund points at you and mumbles some strange words.
You easily resist.
Press: ? - help, v - describe, . - travel
Here: Sigmund, wielding a scythe of freezing and wearing a robe The floor.
Sigmund casts a spell at you. The magic dart hits you!
There is a stone staircase leading down here.
Sigmund's eyes start glowing with a red light.
You climb downwards. 2 orcs and an orc wizard come into view.
The orc shouts! x2
Found a ring mail.
Found a stone staircase leading down.
There is a stone staircase leading up here.
Found 21 bolts.
Found a scroll of identify.
You start resting.
The orc wizard is too close now for your liking.
The orc wizard points at you and mumbles some strange words.
You easily resist.
You hit the orc but do no damage. The orc barely misses you.
You closely miss the orc wizard. You closely miss the orc.
The orc wizard points at you and mumbles some strange words.
You easily resist.
The orc hits you but does no damage.
You barely miss the orc wizard. You hit the orc but do no damage.
You block the orc's attack.
You barely miss the orc wizard. You hit the orc.
You hit the orc but do no damage. The orc wizard barely misses you.
The orc barely misses you. You block the orc's attack.
You hit the orc but do no damage.
The orc is heavily wounded.
You hit the orc.
Your shield and chain mail prevent you from hitting the orc wizard.
You block the orc wizard's attack. The orc hits you but does no damage.
You block the orc's attack.
You hit the orc.
You kill the orc!
You closely miss the orc. You hit the orc wizard.
You block the orc wizard's attack. You block the orc's attack.
You hit the orc.
The orc is heavily wounded.
You closely miss the orc wizard.
The orc wizard hits you but does no damage.
The orc hits you but does no damage.
You hit the orc but do no damage.
The orc is heavily wounded.
You closely miss the orc wizard.
The orc wizard hits you but does no damage.
The orc barely misses you.
You closely miss the orc.
The orc is heavily wounded.
You hit the orc wizard.
The orc wizard hits you but does no damage.
The orc hits you but does no damage.
You closely miss the orc.
The orc is heavily wounded.
You hit the orc wizard. The orc wizard completely misses you.
The orc hits you but does no damage.
You miss the orc wizard.
The orc wizard is severely wounded.
You hit the orc.
You kill the orc!
The orc wizard hits you but does no damage.
You completely miss the orc wizard.
The orc wizard is severely wounded.
You block the orc wizard's attack.
You hit the orc wizard.
You kill the orc wizard!
No target in view!
Things that are here:
a dagger; a scale mail There isn't anything to butcher here.
Things that are here:
a dagger; a robe There isn't anything to butcher here.
You see here a hand axe.
There isn't anything to butcher here.
You see here a ring mail.
Things that are here:
a dagger; a scale mail
Found Ijuat's General Store.
A hound comes into view.
Found 27 stones.
Found an escape hatch in the ceiling.
You see here a scroll of identify.
You hit the hound.
The hound is moderately wounded.
You block the hound's attack. The hound barely misses you.
You closely miss the hound.
The hound is moderately wounded.
The hound bites you but does no damage. x2
You hit the hound.
The hound is moderately wounded.
The hound bites you but does no damage. The hound barely misses you.
You miss the hound.
The hound is moderately wounded.
You block the hound's attack.
You hit the hound.
The hound is severely wounded.
The hound bites you but does no damage. x2
You hit the hound.
You kill the hound!
No target in view!
G - a scroll of identify You see here a hound corpse.
Throwing (i - inventory)
b - 125 stones (quivered)
Press: ? - help, Shift-Dir - straight line, f - you
Okay, then.
Unknown command.
There are no objects that can be picked up here. a hound corpse You butcher the hound corpse.
p - 3 chunks of flesh (gained 1)
An ogre comes into view. It is wielding a giant club.
The ogre shouts!
Throwing (i - inventory)
b - 125 stones (quivered)
Press: ? - help, Shift-Dir - straight line, f - ogre
Aim: an ogre, wielding a giant club You throw a stone.
The stone closely misses the ogre.
You hit the ogre.
The ogre is moderately wounded.
You block the ogre's attack.
You hit the ogre but do no damage.
The ogre is moderately wounded.
You block the ogre's attack.
You closely miss the ogre.
The ogre is moderately wounded.
You block the ogre's attack.
You slash the ogre!
The ogre is heavily wounded.
You hit the ogre but do no damage.
The ogre is heavily wounded.
The ogre hits you with a giant club!!
You are too injured to fight recklessly!
You are too injured to fight recklessly!
You hit the ogre.
The ogre is severely wounded.
The ogre barely misses you.
You hit the ogre.
The ogre is almost dead.
You block the ogre's attack.
Your chain mail prevents you from hitting the ogre.
The ogre is almost dead.
The ogre hits you with a giant club.
Your shield and chain mail prevent you from hitting the ogre.
The ogre is almost dead.
The ogre hits you with a giant club!
Things that are here:
a dagger; a scale mail
There is a stone staircase leading up here.
You are feeling hungry.
You climb upwards.
Level annotation: Sigmund Sigmund says, "Now you see me, now you don't..."
Sigmund gestures wildly while chanting.
Sigmund flickers and vanishes!
Deactivating autopickup; reactivate with Ctrl-A.
There is a stone staircase leading down here.
You start resting.
You hear some strange, mumbled words.
You are confused.
You feel better. Something hits you. Something freezes you.
You climb downwards.
The ogre hits you with a giant club!
* * * LOW HITPOINT WARNING * * *
There is a stone staircase leading up, spattered with blood here.
The ogre hits you with a giant club!!
You die...

#.##.# ####.##(##
......(..#
####.##.[#
#.##[)# #..#.[#
#########.#..#
..........<..#
#......@O#...#
.............#
#........#..#####
#........#.>....#
#........######.#
#........#
##########


You could see an ogre.

Vanquished Creatures
  Duvessa (D:4)
  3 ogres
  A centaur (D:5)
  2 scorpions
  Dowan (D:5)
  A howler monkey (D:3)
  2 hounds
  An orc priest (D:4)
  A bullfrog skeleton (D:4)
  3 worker ants
  An orc wizard (D:6)
  A worker ant zombie (D:5)
  6 gnolls
  5 adders
  3 oozes
  An adder skeleton (D:4)
  4 worms
  4 dart slugs
  3 leopard geckos
  7 orcs
  2 giant cockroaches
  5 goblins
  3 hobgoblins
  5 quokkas
  5 ball pythons
  7 bats
  6 frilled lizards
  A jackal skeleton (D:4)
  12 kobolds
  4 rats
101 creatures vanquished.

Notes
Turn   | Place    | Note
-------+----------+-------------------------------------------
     0 | D:1      | mh0rre the Demigod Skald began the quest for the Orb.
     0 | D:1      | Reached XP level 1. HP: 17/17 MP: 5/5
   476 | D:1      | Reached XP level 2. HP: 17/24 MP: 7/7
   825 | D:1      | Learned a level 2 spell: Shroud of Golubria
  1423 | D:2      | Reached XP level 3. HP: 23/29 MP: 8/8
  2104 | D:2      | Found a radiant altar of Vehumet.
  2135 | D:2      | Found a faded altar of an unknown god.
  2650 | D:2      | Found a deep blue altar of Sif Muna.
  2832 | D:3      | Learned a level 2 spell: Song of Slaying
  2952 | D:3      | Reached XP level 4. HP: 36/36 MP: 9/9
  3450 | D:3      | Found a shadowy altar of Dithmenos.
  3487 | D:3      | Reached skill level 1 in Shields
  3846 | D:3      | Reached XP level 5. HP: 41/41 MP: 10/10
  4564 | D:4      | Got a coiled lead amulet
  4571 | D:3      | Identified the amulet of Sidiw {Regen+ MP+9 Str-2 Dex+6}
                  | (You found it on level 4 of the Dungeon)
  5089 | D:4      | Reached XP level 6. HP: 19/48 MP: 11/11
  5541 | D:3      | Learned a level 3 spell: Regeneration
  5600 | D:4      | Found a white marble altar of Elyvilon.
  5880 | D:4      | Found a staircase to the Ecumenical Temple.
  6104 | Temple   | Entered the Ecumenical Temple
  6141 | D:5      | Entered Level 5 of the Dungeon
  6149 | D:5      | Found a blossoming altar of Fedhas.
  6271 | D:5      | Got a pair of jewelled boots
  6408 | D:5      | Identified the cursed +0 pair of boots of Sunlight {Str+4
                  | Int+4} (You found it on level 5 of the Dungeon)
  6519 | D:5      | Reached XP level 7. HP: 53/53 MP: 12/12
  6685 | D:5      | Reached skill level 5 in Axes
  6685 | D:5      | Reached skill level 5 in Charms
  6835 | D:5      | Noticed Dowan
  6870 | D:5      | Killed Dowan
  6895 | D:5      | Noticed Duvessa
  6932 | D:4      | Killed Duvessa
  6989 | D:5      | Noticed Sigmund
  7045 | D:6      | Found Ijuat's General Store.
  7091 | D:6      | HP: 10/53 [ogre/giant club (17)]
  7094 | D:6      | Mangled by an ogre

Skill      XL: |  1  2  3  4  5  6  7 |
---------------+----------------------+-----
Axes           | 2 3 4 5 |  5.7
Charms         | 3 4 5 |  5.3
Shields        | 1 2 3 4 |  4.5
Fighting       | |  1.7
Armour         | |  0.8
Dodging        | |  1.7
Spellcasting   | |  1.7

Action                   |  1- 3 |  4- 6 |  7- 9 || total
-------------------------+-------+-------+-------++-------
Melee: Hand axe          |   168 |   355 |   114 ||   637
Throw: Stone             |    20 |    13 |     8 ||    41
 Cast: Infusion          |     1 |     4 |     1 ||     6
  Use: Scroll            |       |     4 |       ||     4
       Potion            |       |       |     1 ||     1
  Eat: Chunk             |     7 |    10 |       ||    17
       Ration            |       |       |     1 ||     1
Armor: Leather armour    |     6 |       |       ||     6
       Ring mail         |    57 |    43 |       ||   100
       Chain mail        |       |   104 |    43 ||   147
Dodge: Dodged            |    51 |    66 |    22 ||   139
Block: Shield            |    51 |   163 |    56 ||   270
